 Dungeon Crawl Stone Soup version 0.29.1-1-gd02db6906a (webtiles) character file.

Game seed: 1064927321976618636

48 croobank the Caller (level 3, -2/23 HPs)
             Began as an Octopode Summoner on Sept 29, 2022.
             Succumbed to a kobold's poison
             ... on level 3 of the Dungeon.
             The game lasted 00:09:00 (2435 turns).

croobank the Caller (Octopode Summoner)             Turns: 2435, Time: 00:09:01

Health: -2/23      AC:  1    Str:  7    XL:     3   Next: 72%
Magic:  3/6        EV: 13    Int: 19    God:
Gold:   62         SH:  0    Dex: 12    Spells: 1/7 levels left

rFire   . . .      SeeInvis .   e - +2 dagger (drain)
rCold   . . .      Faith    .   (no shield)
rNeg    . . .      Spirit   .   (helmet restricted)
rPois   .          Reflect  .   (no amulet)
rElec   .          Harm     .   (no ring)
rCorr   .          Rampage  .   (no ring)
Will    .....                   (no ring)
Stlth   +++.......              (no ring)
HPRegen 0.07/turn               (no ring)
MPRegen 0.10/turn               (no ring)
                                (no ring)
                                (no ring)

@: lethally poisoned (-2 -> -14), hasted, very quick
A: almost no armour, amphibious, 8 rings, camouflage 1, gelatinous body 1,
(nimble swimmer 1), tentacles
a: no special abilities


You were on level 3 of the Dungeon.
You visited 1 branch of the dungeon, and saw 3 of its levels.

You collected 62 gold pieces.

Inventory:

Hand Weapons
 b - a +0 short sword
 e - a +2 dagger of draining (weapon)
Jewellery
 g - a +6 ring of intelligence
Scrolls
 c - 2 scrolls of poison {unknown}
 h - 3 scrolls of identify {unknown}
 m - a scroll of fog {unknown}
 n - a scroll of amnesia {unknown}
 o - a scroll of fear {unknown}
 r - a scroll of teleportation {unknown}
Potions
 a - a potion of magic
 d - a potion of haste
 f - 3 potions of flight {unknown}
 i - a potion of might {unknown}
 j - a potion of lignification {unknown}
 k - 2 potions of heal wounds {unknown}
 l - a potion of attraction {unknown}
 p - a potion of brilliance {unknown}
 q - 2 potions of curing {unknown}


   Skills:
 + Level 1.3 Fighting
 + Level 2.5 Dodging
 - Level 2.7 Stealth
 + Level 2.5 Spellcasting
 + Level 4.3 Summonings


You had one spell level left.
You knew the following spells:

 Your Spells              Type           Power      Damage    Failure   Level
a - Summon Small Mammal   Summ           72%        N/A       2%          1
b - Call Imp              Summ           18%        N/A       4%          2
c - Call Canine Familiar  Summ           18%        N/A       9%          3

Your spell library contained the following spells:

 Spells                   Type           Power      Damage    Failure   Level
 Shock                    Conj/Air       8%         1d3       16%         1
 Summon Guardian Golem    Hex/Summ       10%        N/A       21%         3
 Swiftness                Air            2%         N/A       43%         3
 Summon Lightning Spire   Summ/Air       10%        N/A       54%         4
 Airstrike                Air            1%         2d(1-17)  85%         4


Dungeon Overview and Level Annotations

Branches:
Dungeon (3/15)

Altars:
Kikubaaqudgha


Innate Abilities, Weirdness & Mutations

You cannot wear most types of armour.
You are amphibious.
You can wear up to eight rings at the same time.
Your skin changes colour to match your surroundings (Stealth+).
Your rubbery body absorbs attacks. (AC +1, EV +1)
((You are camouflaged when in or above water. (Stealth+)))
You have tentacles for arms and can constrict up to eight enemies at once.


Message History

The hobgoblin closely misses you.
The kobold throws a poisoned dart.
The poisoned dart closely misses you.
You hit the hobgoblin but do no damage. You drain the hobgoblin.
You grab the hobgoblin. You squeeze the hobgoblin.
You kill the hobgoblin!
A kobold comes into view. It is wielding a +0 whip.
The kobold throws a poisoned dart.
The poisoned dart barely misses you. The hobgoblin closely misses you.
The kobold throws a stone.
The stone misses you.
The kobold throws a poisoned dart.
The poisoned dart hits you!
You are poisoned.
Casting: Summon Small Mammal (safe; 2% risk of failure)
Confirm with . or Enter, or press ? or * to list all spells.
A shadowy apparition takes form in the air.
You feel sick. The hobgoblin completely misses you.
Casting: Call Imp (safe; 4% risk of failure)
Confirm with . or Enter, or press ? or * to list all spells.
You feel sick.
The kobold throws a stone.
The stone barely misses your quokka. The stone hits you.
The hobgoblin closely misses you.
The kobold throws a poisoned dart.
The poisoned dart hits you!
You are more poisoned.
You feel very sick.
Your quokka barely misses the hobgoblin.
You feel very sick.
The kobold throws a poisoned dart.
The poisoned dart closely misses you.
Your shadow imp hits the hobgoblin.
The hobgoblin hits you.
You swap places.
You feel sick.
Your quokka closely misses the hobgoblin.
The kobold throws a stone.
The stone barely misses you. The stone hits your shadow imp.
Your shadow imp closely misses the hobgoblin.
The hobgoblin hits you.
* * * LOW HITPOINT WARNING * * *
* * * LOW HITPOINT WARNING * * *
You feel sick.
Your quokka bites the hobgoblin.
The hobgoblin dies!
The kobold throws a poisoned dart.
The poisoned dart hits you.
You are more poisoned.
It was a potion of haste.
You feel yourself speed up.
You die...

#... ##<........###
###...### #.............
........###.#.......##..
.......K.##.#.......##..
..<.........###.######..
...........# #.# #..
......r†...####.# ###.
.......5......#.#####...
..(..K.@...##.........#.
......=.?..###..........
...........# #..#####.#.
..#........# #..# #.## #
#####....# ...# #
#......##.# #.###.# #.#
#.# .# #.#


You could see 2 kobolds, a friendly shadow imp (summoned) and a friendly quokka
(summoned).

Vanquished Creatures
  2 endoplasms
  A giant cockroach (D:2)
  2 goblins
  5 hobgoblins
  3 jackals (D:2)
  3 ball pythons
  2 bats (D:1)
  A frilled lizard (D:1)
  4 kobolds
  A rat (D:3)
24 creatures vanquished.

Vanquished Creatures (collateral kills)
  2 dart slugs
  A giant cockroach (D:3)
  2 goblins
  2 hobgoblins (D:3)
  7 kobolds
  A bat (D:2)
  A frilled lizard (D:1)
  2 rats (D:1)
18 creatures vanquished.

Grand Total: 42 creatures vanquished

Notes
Turn   | Place    | Note
-------+----------+-------------------------------------------
     0 | D:1      | croobank the Octopode Summoner began the quest for the Orb.
     0 | D:1      | Reached XP level 1. HP: 11/11 MP: 3/3
   252 | D:1      | Reached XP level 2. HP: 15/18 MP: 5/5
   255 | D:1      | Learned a level 2 spell: Call Imp
   764 | D:1      | Reached skill level 1 in Fighting
  1338 | D:2      | Reached XP level 3. HP: 23/23 MP: 3/6
  1608 | D:2      | Found a faded altar of an unknown god.
  2071 | D:3      | Found an ancient bone altar of Kikubaaqudgha.
  2164 | D:3      | Learned a level 3 spell: Call Canine Familiar
  2434 | D:3      | HP: 1/23 [poisoned by a kobold]
  2435 | D:3      | Succumbed to a kobold's poison

Illustrated notes

Levels and vault maps discovered:
D:1:      erik_arrival_cave_to_civilisation [erik_arrival_cave_to_hall],
          layout_loops_ring
D:2:      layout_loops_ring, shapermc_ecumenical_altar_totnotflames
D:3:      layout_rooms, mainiacjoe_overflow_brackets

Skill      XL: |  1  2 |
---------------+-------+-----
Fighting       | 1 |  1.3
Dodging        | |  2.5
Stealth        | |  2.7
Spellcasting   | |  2.5
Summonings     | |  4.3

Action                   || total
-------------------------++-------
Melee: Short sword       ||    10
       Constrict         ||    11
       Tentacles         ||     7
       Unarmed           ||     1
       Punch             ||     1
       Dagger            ||    28
 Cast: Summon Small Mamm ||    39
       Call Imp          ||     3
  Use: Potion            ||     1
 Stab: Sleeping          ||     1
Armor: Skin              ||     3
Dodge: Dodged            ||    48
